Map: Abyssal Reef LE

Players

Lillekanin

  • Race: Terran Terran
  • Spawn Location: 5:00

Cham - Winner!

  • Race: Zerg Zerg
  • Spawn Location: 11:00

Event: WCS Jonkoping 2017

VOD

Have the link to the VOD?

Description

Time

  • Played on: June 17, 2017, 7:06 a.m.
  • Length: 8:26

All games in this series

Show
View Real Time Build Order
Export as new Build Order

Lillekanin Terran 

Build Orders:  

Get SALT Encoding   

  12  0:00  SCV  
  13  0:12  SCV  
  14  0:17  Supply Depot  
  14  0:25  SCV  
  15  0:29  Refinery  
  15  0:38  SCV  
  16  0:45  Barracks  
  16  0:50  SCV  
  17  1:03  SCV  
  18  1:15  SCV  
  20  1:33  Orbital Command, Reaper  
  20  1:47  Command Center  
  20  2:00  Factory  
  20  2:02  SCV  
  20  2:06  Barracks Reactor  
  21  2:12  Refinery  
  21  2:14  SCV  
  22  2:23  Supply Depot  
  22  2:26  SCV  
  23  2:45  SCV  
  24  2:51  Armory  
  24  2:54  Hellion, Marine  
  27  3:00  Hellion  
  27  3:03  SCV  
  30  3:06  Orbital Command  
  30  3:15  SCV  
  30  3:19  Factory  
  31  3:28  Hellion, Supply Depot  
  31  3:33  SCV  
  34  3:35  Barracks Reactor  
  34  3:37  SCV  
  35  3:42  Hellion  
  35  3:46  SCV  
  38  3:49  Terran Vehicle Weapons Level 1  
  38  3:54  SCV  
  39  3:58  Cyclone  
  39  4:01  Refinery  
  39  4:02  SCV  
  43  4:12  SCV  
  43  4:14  SCV  
  45  4:18  Cyclone  
  45  4:20  Supply Depot  
  45  4:24  SCV  
  49  4:26  SCV  
  49  4:29  Cyclone  
  53  4:36  SCV  
  53  4:37  Supply Depot  
  54  4:42  Hellion, SCV  
  57  4:48  SCV  
  58  4:54  SCV  
  58  4:58  Command Center  
  59  5:00  SCV  
  59  5:04  Cyclone  
  59  5:06  SCV  
  64  5:07  Cyclone  
  64  5:09  Hellion  
  64  5:12  SCV  
  70  5:21  Hellion, SCV  
  73  5:22  Supply Depot  
  72  5:29  SCV  
  72  5:30  Cyclone  
  72  5:33  SCV  
  77  5:41  SCV  
  74  5:45  SCV  
  70  5:53  SCV  
  63  5:57  SCV  
  64  6:05  SCV  
  64  6:08  Hellion, Factory, Starport  
  64  6:09  SCV  
  62  6:14  Orbital Command  
  62  6:17  SCV  
  58  6:19  Hellion  
  58  6:21  SCV  
  61  6:28  Refinery x2  
  61  6:29  SCV  
  62  6:33  SCV  
  62  6:36  Hellion  
  62  6:37  Hellion  
  67  6:42  SCV, Orbital Command  
  67  6:44  Supply Depot  
  67  6:45  SCV, Supply Depot  
  67  6:46  Starport Tech Lab  
  69  6:48  Hellion x2  
  69  6:54  SCV  
  74  6:58  SCV  
  74  6:59  Factory Tech Lab  
  75  7:02  Factory  
  75  7:06  SCV, Supply Depot  
  77  7:08  SCV  
  77  7:10  SCV  
  78  7:16  Banshee  
  78  7:18  SCV  
  78  7:20  SCV, Supply Depot  
  78  7:22  SCV  
  84  7:30  SCV, Cyclone  
  84  7:36  Cyclone  
  87  7:37  Hellion  
  80  7:47  Cyclone  
  80  7:49  SCV  
  83  7:52  Hellion  
  88  7:59  Hellion  
  88  8:00  SCV  
Show
View Real Time Build Order
Export as new Build Order

Cham Zerg - Winner!

Build Orders: Hatch First 

Get SALT Encoding   

  12  0:01  Drone  
  13  0:09  Drone  
  14  0:17  Overlord  
  14  0:35  Drone  
  14  0:36  Drone x2  
  17  0:53  Hatchery  
  17  0:55  Drone  
  17  1:00  Drone  
  17  1:03  Extractor  
  17  1:16  Spawning Pool  
  17  1:18  Drone  
  17  1:22  Drone  
  18  1:31  Drone  
  19  1:46  Overlord  
  19  2:03  Queen, Metabolic Boost  
  19  2:04  Zergling x2  
  19  2:06  Queen  
  19  2:08  Zergling x2  
  25  2:11  Zergling x2  
  25  2:15  Drone  
  27  2:17  Drone  
  28  2:25  Drone  
  28  2:28  Drone  
  30  2:35  Drone  
  31  2:37  Overlord  
  31  2:40  Queen  
  33  2:48  Drone x2  
  35  2:58  Drone  
  35  3:02  Drone  
  37  3:07  Drone  
  37  3:11  Drone x3  
  41  3:19  Zergling x6  
  44  3:20  Overlord  
  44  3:21  Overlord  
  44  3:28  Hatchery  
  44  3:30  Drone  
  44  3:40  Drone x2  
  44  3:41  Drone  
  47  3:45  Drone  
  48  3:49  Overlord  
  48  3:50  Drone x2  
  48  3:51  Queen, Drone  
  53  3:57  Queen  
  53  3:59  Overlord  
  56  4:02  Drone  
  56  4:03  Drone  
  56  4:07  Overlord  
  57  4:12  Overlord  
  57  4:13  Drone  
  58  4:21  Roach Warren  
  58  4:23  Extractor  
  58  4:24  Overlord  
  56  4:25  Drone x2  
  56  4:26  Extractor, Drone  
  56  4:28  Zergling x4  
  56  4:31  Zergling x2  
  61  4:36  Overlord  
  61  4:42  Zergling x4  
  61  4:44  Evolution Chamber  
  62  4:48  Overlord  
  62  4:52  Drone x3  
  65  4:53  Drone  
  65  4:54  Overlord  
  66  5:01  Drone x2  
  66  5:02  Roach  
  66  5:06  Roach x2  
  74  5:07  Roach  
  74  5:12  Roach x2  
  80  5:16  Overlord  
  80  5:18  Roach  
  82  5:21  Overlord  
  82  5:23  Roach  
  82  5:25  Roach  
  82  5:28  Overlord  
  86  5:29  Drone  
  86  5:34  Drone x3  
  90  5:37  Roach  
  96  5:43  Roach x2  
  96  5:45  Ravager x3  
  96  5:47  Zerg Missile Weapons Level 1  
  94  5:51  Roach x3  
  94  5:55  Roach x2  
  94  5:56  Zergling x2  
  91  6:04  Drone x2  
  91  6:05  Drone  
  92  6:16  Roach x2  
  92  6:18  Drone x3, Overlord  
  94  6:19  Zergling x2  
  89  6:26  Roach x2  
  89  6:28  Roach  
  89  6:30  Roach  
  89  6:31  Roach  
  99  6:34  Roach  
  99  6:35  Overlord  
  99  6:39  Extractor  
  100  6:40  Overlord  
  100  6:42  Roach x2  
  100  6:45  Queen  
  106  6:49  Roach  
  106  6:50  Overlord  
  106  6:51  Roach  
  106  6:53  Roach  
  112  7:00  Ravager  
  115  7:01  Roach x2  
  115  7:02  Zergling x8  
  115  7:04  Roach  
  115  7:06  Roach  
  125  7:10  Overlord  
  125  7:11  Roach  
  125  7:12  Roach  
  129  7:20  Zergling x2  
  129  7:21  Zergling x4  
  132  7:24  Roach x2  
  132  7:29  Zergling x2, Roach x2  
  140  7:36  Zergling x2, Roach x3  
  141  7:45  Zergling x6  
  141  7:46  Ravager  
  145  7:55  Ravager, Zergling x2  
  145  7:56  Zergling x4  
  145  7:58  Ravager, Hatchery  
  139  8:19  Extractor  
Tags
 
Add a new tag
Caveats
  • Supply blocks, unpowered buildings, or Contaminate may cause inaccurate times.
  • Supply counts are checked every 10 seconds.